 Dungeon Crawl Stone Soup version 0.31.0-32-g396128a36d (webtiles) character file.

Game seed: 16917098811785939376

84 Finalfun the Sneak (level 4, 0/27 HPs)
             Began as an Octopode Earth Elementalist on Mar 24, 2024.
             Slain by Grinder (5 damage)
             ... on level 3 of the Dungeon.
             The game lasted 00:04:33 (1641 turns).

Finalfun the Sneak (Octopode Earth Elementalist)    Turns: 1641, Time: 00:04:34

Health: 0/27       AC:  1    Str:  5 (7)  XL:     4   Next: 46%
Magic:  3/7        EV: 13    Int: 18 (19) God:
Gold:   81         SH:  0    Dex: 12 (15) Spells: 6/7 levels left

rFire   + . .        m - +5 spear "Wemoyvink" {elec, Dex+3}
rCold   . . .        (no shield)
rNeg    . . .        (helmet restricted)
rPois   .            e - amulet of regeneration
rElec   .            l - ring of protection from fire
rCorr   .            (no ring)
SInv    .            (no ring)
Will    .....        (no ring)
Stlth   ++++         (no ring)
HPRegen 1.04/turn    (no ring)
MPRegen 0.10/turn    (no ring)
                     (no ring)

%: no passive effects
@: no status effects
A: almost no armour, amphibious, 8 rings, camouflage 1, gelatinous body 1,
(nimble swimmer 1), tentacles
a: no special abilities


You were on level 3 of the Dungeon.
You visited 1 branch of the dungeon, and saw 3 of its levels.

You collected 81 gold pieces.

Inventory:

Hand Weapons
 m - the +5 spear "Wemoyvink" (weapon) {elec, Dex+3}
   (You found it on level 3 of the Dungeon)

   Dex+3:     It affects your dexterity (+3).
Jewellery
 b - an amulet of faith
 e - an amulet of regeneration (around mantle)
 l - a ring of protection from fire (left tentacle)
Talismans
 g - a granite talisman
Scrolls
 d - a scroll of noise {unknown}
 h - 2 scrolls of identify {unknown}
 i - a scroll of teleportation {unknown}
 k - a scroll of enchant armour {unknown}
Potions
 a - a potion of magic
 j - a potion of haste {unknown}


   Skills:
 + Level 0.5 Polearms
 - Level 2.0 Dodging
 - Level 5.0 Stealth
 + Level 2.4 Spellcasting
 + Level 1.6 Conjurations
 + Level 3.3 Earth Magic


You had 6 spell levels left.
You knew the following spells:

 Your Spells              Type           Power      Damage    Failure   Level
a - Sandblast             Erth           28%        2d8       4%          1

Your spell library contained the following spells:

 Spells                   Type           Power      Damage    Failure   Level
 Shock                    Conj/Air       20%        1d4       12%         1
 Passwall                 Erth           14%        N/A       13%         3
 Stone Arrow              Conj/Erth      22%        3d8       19%         3
 Cigotuvi's Dreadful Rot  Necr/Alch/Air  4%         N/A       26%         2
 Scorch                   Fire           4%         2d5       26%         2
 Swiftness                Air            2%         N/A       45%         3
 Brom's Barrelling Bould  Conj/Erth      11%        2d3       52%         4
 Petrify                  Alch/Erth      8%         N/A       65%         4
 Flame Wave               Conj/Fire      5%         2d5       77%         4
 Airstrike                Air            1%         2d(1-17)  86%         4
 Dispel Undead            Necr           2%         3d7       86%         4
 Martyr's Knell           Necr/Summ      2%         N/A       86%         4
 Death Channel            Necr           1%         N/A       100%        6
 Summon Cactus Giant      Summ           1%         N/A       100%        6


Dungeon Overview and Level Annotations

Branches:
Dungeon (3/15)

Altars:
Ashenzari
Makhleb
Ru

Shops:
D:2 =

Annotations:
D:3 Grinder


Innate Abilities, Weirdness & Mutations

You cannot wear most types of armour.
You are amphibious.
You can wear up to eight rings at the same time.
Your skin changes colour to match your surroundings (Stealth+).
Your rubbery body absorbs attacks. (AC +1, EV +1)
((You are camouflaged when in or above water. (Stealth+)))
You have tentacles for arms and can constrict up to eight enemies at once.


Message History

The blast of sand hits Grinder.
Grinder is lightly wounded.
Grinder blinks!
Casting: Sandblast (safe; 4% risk of failure)
Confirm with . or Enter, or press ? or * to list all spells.
Aiming: Sandblast (safe; 4% risk of failure)
Press: ? - help, Shift-Dir - straight line, f/p - Grinder
Aim: Grinder (lightly wounded, 80% to hit)
The blast of sand hits Grinder!
Grinder is moderately wounded.
Grinder hits you!
You writhe in agony.
Reach: m) +5 spear "Wemoyvink" {elec, Dex+3}
Press: ? - help, Dir - move target, f/p - Grinder
Aim: Grinder (moderately wounded, about 38% to evade the +5 spear "Wemoyvink")
You closely miss Grinder. Your grab misses Grinder. You squeeze Grinder.
Grinder is heavily wounded.
Grinder gestures at you.
You suddenly lose the ability to move!
A kobold comes into view.
It is wielding a +1 long sword of electrocution.
Grinder hits you but does no damage. Grinder hits you!
You writhe in agony.
* * * LOW HITPOINT WARNING * * *
You can move again.
Casting: Sandblast (safe; 4% risk of failure)
Confirm with . or Enter, or press ? or * to list all spells.
Aiming: Sandblast (safe; 4% risk of failure)
Press: ? - help, Shift-Dir - straight line, f/p - Grinder
Aim: Grinder (heavily wounded, 80% to hit)
The blast of sand hits Grinder but does no damage.
Grinder is heavily wounded.
Grinder hits you.
* * * LOW HITPOINT WARNING * * *
Casting: Sandblast (safe; 4% risk of failure)
Confirm with . or Enter, or press ? or * to list all spells.
Aiming: Sandblast (safe; 4% risk of failure)
Press: ? - help, Shift-Dir - straight line, f/p - Grinder
Aim: Grinder (heavily wounded, 80% to hit)
The blast of sand misses Grinder.
Grinder hits you.
You die...
Grinder sighs, "Dead already?
I want a refund."

#.....#...#######
..##.....#.#.# ...
..........#..# ###
###..#.####.#
##...........
######..†.######.#####
#.........# ......
#.........# ##.......
#....@....# .........
#.....5.......#.......
#..K..../....##.......
#...#.#.#.............
...........#....#.#.###
..........###...........
..#........ ............
.....####.. ..........#
###.......


You could see Grinder and a kobold.

Vanquished Creatures
  Jessica (D:3)
  3 dart slugs (D:1)
  12 bats
  3 endoplasms
  3 giant cockroaches (D:1)
  2 hobgoblins (D:1)
  3 quokkas
  8 ball pythons
  2 frilled lizards
  6 goblins
  3 kobolds
  5 rats
51 creatures vanquished.

Notes
Turn   | Place    | Note
-------+----------+-------------------------------------------
     0 | D:1      | Finalfun the Octopode Earth Elementalist began the quest
                  | for the Orb.
     0 | D:1      | Reached XP level 1. HP: 11/11 MP: 3/3
    20 | D:1      | Found a faded altar of an unknown god.
    65 | D:1      | Reached skill level 3 in Stealth
   138 | D:1      | Reached XP level 2. HP: 17/17 MP: 1/5
   199 | D:1      | Reached skill level 4 in Stealth
   515 | D:1      | Reached XP level 3. HP: 21/21 MP: 0/6
   518 | D:1      | Reached skill level 5 in Stealth
  1015 | D:2      | Found Billuokim's Jewellery Shop.
  1447 | D:3      | Identified the +5 spear "Wemoyvink" {elec, Dex+3}
  1597 | D:3      | Found a burning altar of Makhleb.
  1599 | D:3      | Reached XP level 4. HP: 27/27 MP: 7/7
  1599 | D:3      | Found a broken altar of Ashenzari.
  1599 | D:3      | Found a sacrificial altar of Ru.
  1599 | D:3      | Noticed Jessica
  1603 | D:3      | Killed Jessica
  1626 | D:3      | Noticed Grinder
  1637 | D:3      | Paralysed by Grinder for 3 turns
  1641 | D:3      | Slain by Grinder

Illustrated notes

Levels and vault maps discovered:
D:1:      minmay_arrival_up_and_down, layout_basic, serial_glass,
          glass_columns_a, glass_columns_a, nicolae_ecumenical_lake_church
D:2:      layout_rooms, serial_shops, shop_fountains
D:3:      layout_rooms, chequers_temple_overflow_statue_of_worship,
          lemuel_tele_altar, serial_shops, nicolae_shop_tiny_waterfront, shop,
          uniq_grinder, uniq_jessica

Skill      XL: |  1  2  3 |
---------------+----------+-----
Stealth        | 3 4 5 |  5.0
Polearms       | |  0.5
Dodging        | |  2.0
Spellcasting   | |  2.4
Conjurations   | |  1.6
Earth Magic    | |  3.3

Action                     |  1- 3 |  4- 6 || total
---------------------------+-------+-------++-------
  Melee: Unarmed           |     4 |       ||     4
         Spear             |     4 |     7 ||    11
         Tentacles         |     2 |     1 ||     3
         Constrict         |     2 |       ||     2
         Punch             |     1 |       ||     1
   Cast: Sandblast         |    59 |     4 ||    63
    Use: Potion            |       |     2 ||     2
   Stab: Sleeping          |     3 |     3 ||     6
 Armour: Skin              |     8 |     7 ||    15
  Dodge: Dodged            |    20 |       ||    20
